 Dungeon Crawl Stone Soup version 0.30-a0-476-g330ca2eb8e (webtiles) character file.

Game seed: 15350361424982532459

1581 Bnni the Conjurer (level 8, -1/67 HPs)
             Began as a White Draconian Conjurer on Dec 21, 2022.
             Shot with an arrow by a centaur (2 damage)
             ... on level 6 of the Dungeon.
             The game lasted 00:13:52 (5511 turns).

Bnni the Conjurer (White Draconian Conjurer)        Turns: 5511, Time: 00:13:54

Health: -1/67      AC:  9    Str: 10    XL:     8   Next: 60%
Magic:  10/14      EV: 12    Int: 20    God:
Gold:   341        SH:  0    Dex: 10    Spells: 3/16 levels left

rFire   . . .      SeeInvis .    x - +2 dagger (elec)
rCold   + . .      Faith    .    (no shield)
rNeg    . . .      Spirit   .    (body armour unavailable)
rPois   .          Reflect  .    (helmet restricted)
rElec   .          Harm     .    (no cloak)
rCorr   .          Rampage  .    o - +2 pair of gloves
Will    .....                    (no boots)
Stlth   ++........               l - amulet of magic regeneration
HPRegen 0.31/turn                (no ring)
MPRegen 0.54/turn                (no ring)

@: no status effects
A: breathe frost, AC +6, unfitting armour, cold resistance 1, cold-blooded
a: Breathe Frost


You were on level 6 of the Dungeon.
You visited 1 branch of the dungeon, and saw 6 of its levels.
You also visited: Sewer and Ossuary.

You collected 341 gold pieces.

Inventory:

Hand Weapons
 x - a +2 dagger of electrocution (weapon)
Missiles
 i - 3 poisoned darts
 y - a throwing net
Armour
 e - a +0 tower shield
 o - a +2 pair of gloves (worn)
Jewellery
 d - an amulet of faith
 l - an amulet of magic regeneration (around neck)
 m - a ring of ice
Wands
 v - a wand of polymorph (10)
Scrolls
 b - a scroll of amnesia
 c - 2 scrolls of poison {unknown}
 f - 4 scrolls of fear {unknown}
 h - 2 scrolls of fog
 j - a scroll of brand weapon
 k - a scroll of magic mapping
 r - 8 scrolls of teleportation
 t - a scroll of enchant armour
 B - a scroll of identify
Potions
 a - a potion of magic
 g - 7 potions of curing {unknown}
 n - a potion of heal wounds
 p - 2 potions of mutation
 q - 2 potions of experience {unknown}
 s - a potion of lignification {unknown}
 u - 5 potions of brilliance {unknown}
 w - a potion of ambrosia {unknown}
 z - 2 potions of haste {unknown}
 A - a potion of berserk rage {unknown}


   Skills:
 + Level 4.9 Fighting
 - Level 1.7 Dodging
 - Level 1.7 Stealth
 + Level 4.5 Spellcasting
 * Level 7.8 Conjurations
 - Level 3.0 Hexes
 + Level 0.4 Translocations
 * Level 4.8 Ice Magic


You had 3 spell levels left.
You knew the following spells:

 Your Spells              Type           Power      Damage    Failure   Level
a - Magic Dart            Conj           100%       1d8       1%          1
b - Searing Ray           Conj           70%        2d7       1%          2
c - Fulminant Prism       Conj/Hex       13%        3d9       13%         4
d - Frozen Ramparts       Ice            46%        1d7       4%          3
e - Hailstorm             Conj/Ice       29%        3d8       2%          3

Your spell library contained the following spells:

 Spells                   Type           Power      Damage    Failure   Level
 Freeze                   Ice            92%        1d9       1%          1
 Dazzling Flash           Conj/Hex       52%        N/A       4%          3
 Apportation              Tloc           12%        N/A       11%         1
 Iskenderun's Mystic Bla  Conj/Tloc      21%        2d6       22%         4
 Alistair's Intoxication  Tmut/Pois      2%         N/A       98%         5
 Conjure Ball Lightning   Conj/Air       10%        3x3d6     98%         6
 Malign Gateway           Summ/Tloc      2%         N/A       100%        7
 Discord                  Hex            8%         N/A       100%        8
 Disjunction              Tloc           3%         N/A       100%        8
 Summon Horrible Things   Summ           2%         N/A       100%        8


Dungeon Overview and Level Annotations

Branches:
Dungeon (6/15)              Sewer (visited)         Ossuary (visited)
 Temple: D:4-7

Altars:
Cheibriados
Elyvilon
Kikubaaqudgha
Wu Jian
Xom
Zin
The Shining One

Annotations:
D:3 Zero's ghost, amateur DECj


Innate Abilities, Weirdness & Mutations

You can breathe waves of freezing cold which knock back foes.
Your icy white scales are hard. (AC +6)
You cannot fit into any form of body armour.
Your flesh is cold resistant. (rC+)
You are cold-blooded and may be slowed by cold attacks.


Message History

The centaur is severely wounded.
The centaur shoots an arrow.
The arrow completely misses you.
The centaur shoots an arrow.
The arrow barely misses you.
The centaur shoots an arrow.
The arrow misses you.
You hear a shout!
Aiming: Magic Dart (safe; 1% risk of failure)
Press: ? - help, Q - select action, (/) - cycle Shift-Dir - straight line, f/p - centaur
Aim: a centaur, wielding a +0 shortbow (severely wounded, 100% to hit)
The magic dart hits the centaur but does no damage.
The centaur is severely wounded.
The centaur shoots an arrow.
The arrow closely misses you.
The centaur shoots an arrow.
The arrow hits you.
The centaur shoots an arrow.
The arrow hits you.
The centaur shoots an arrow.
The arrow hits you.
Aiming: Magic Dart (safe; 1% risk of failure)
Press: ? - help, Q - select action, (/) - cycle Shift-Dir - straight line, f/p - centaur
Aim: a centaur, wielding a +0 shortbow (severely wounded, 100% to hit)
The magic dart hits the centaur but does no damage.
The centaur is severely wounded.
The centaur shoots an arrow.
The arrow hits you but does no damage.
The centaur shoots an arrow.
The arrow hits you but does no damage.
The centaur shoots an arrow.
The arrow hits you!
Aiming: Magic Dart (safe; 1% risk of failure)
Press: ? - help, Q - select action, (/) - cycle Shift-Dir - straight line, f/p - centaur
Aim: a centaur, wielding a +0 shortbow (severely wounded, 100% to hit)
The magic dart hits the centaur.
The centaur is almost dead.
The centaur shoots an arrow.
The arrow hits you.
The centaur shoots an arrow.
The arrow closely misses you.
The centaur shoots an arrow.
The arrow hits you.
* * * LOW HITPOINT WARNING * * *
The centaur shoots an arrow.
The arrow closely misses you.
The centaur shoots an arrow.
The arrow hits you.
* * * LOW HITPOINT WARNING * * *
The centaur shoots an arrow.
The arrow misses you.
The centaur shoots an arrow.
The arrow barely misses you.
The centaur shoots an arrow.
The arrow hits you.
* * * LOW HITPOINT WARNING * * *
The centaur shoots an arrow.
The arrow hits you!
* * * LOW HITPOINT WARNING * * *
The centaur shoots an arrow.
The arrow hits you.
You die...

##..c≈≈≈###'#########....#
#cc≈≈≈........# ###.##
#c≈≈≈≈........# #.#
.≈≈≈≈.........# #.#
≈≈≈≈..........# #.#
≈≈≈#..........# ###'###
..............# #......
###..........#####......
#....@................
######................
#................
#................
#..........######
#..........###
##########...## # #~~.P♣♣♣
#~~P..P.


You could see 3 centaurs.

Vanquished Creatures
  The ghost of paps the Caller, a novice OpSu (D:4)
  Sigmund (D:4)
  A steam dragon (D:6)
  An ice beast (D:6)
  A necrophage (D:6)
  3 scorpions
  4 crimson imps (D:3)
  A human zombie (Ossuary)
  2 hounds
  A jelly (D:4)
  A hell rat (Sewer)
  2 iguanas
  3 orc wizards (D:5)
  2 hound zombies (Ossuary)
  4 mummies (Ossuary)
  11 gnolls
  5 adders
  A white imp (D:6)
  2 adder zombies (Ossuary)
  A worm (D:2)
  3 dart slugs
  6 orcs
  4 endoplasms
  7 giant cockroaches
  3 gnoll zombies (Ossuary)
  3 goblins
  2 hobgoblins
  5 jackals
  7 quokkas
  6 ball pythons
  2 bats
  2 frilled lizards
  A jackal zombie (Ossuary)
  2 kobolds (D:1)
  A kobold zombie (Ossuary)
  An orc zombie (Ossuary)
  9 rats
  A rat zombie (Ossuary)
113 creatures vanquished.

Vanquished Creatures (others)
  A butterfly (D:6)
  5 fulminant prisms
6 creatures vanquished.

Grand Total: 119 creatures vanquished

Notes
Turn   | Place    | Note
-------+----------+-------------------------------------------
     0 | D:1      | Bnni the Draconian Conjurer began the quest for the Orb.
     0 | D:1      | Reached XP level 1. HP: 14/14 MP: 3/3
   286 | D:1      | Reached XP level 2. HP: 13/22 MP: 0/5
   361 | D:1      | Learned a level 2 spell: Searing Ray
  1084 | D:2      | Reached skill level 1 in Fighting
  1150 | D:2      | Reached XP level 3. HP: 28/28 MP: 3/6
  1219 | D:2      | Found a glowing golden altar of the Shining One.
  1450 | D:2      | Reached XP level 4. HP: 36/36 MP: 3/7
  1808 | D:3      | Reached skill level 5 in Conjurations
  1839 | D:3      | Learned a level 4 spell: Fulminant Prism
  1961 | D:3      | Found a shimmering altar of Xom.
  1962 | D:3      | Found a transporter.
  1962 | D:3      | Noticed Zero's ghost (amateur DECj)
  1970 | D:3      | Found a transporter.
  2027 | D:3      | Found an ornate altar of the Wu Jian Council.
  2027 | D:3      | Found an ancient bone altar of Kikubaaqudgha.
  2148 | D:3      | Reached skill level 1 in Hexes
  2148 | D:3      | Reached XP level 5. HP: 42/42 MP: 4/9
  2603 | D:4      | Reached XP level 6. HP: 49/50 MP: 10/10
  2757 | D:4      | Noticed Sigmund
  2765 | D:4      | Killed Sigmund
  2766 | D:4      | Reached skill level 6 in Conjurations
  2766 | D:4      | Your scales start taking on an icy white colour.
  2766 | D:4      | Reached XP level 7. HP: 37/57 MP: 6/12
  2766 | D:4      | Gained mutation: Your flesh is cold resistant. (rC+) [White
                  | Draconian growth]
  2905 | D:4      | Noticed paps's ghost (novice OpSu)
  2910 | D:4      | Found a runed translucent gate.
  2910 | D:4      | Found a runed translucent gate.
  2910 | D:4      | Found a runed translucent gate.
  2968 | D:4      | Killed paps's ghost
  2969 | D:4      | Reached skill level 1 in Ice Magic
  2983 | D:4      | Learned a level 3 spell: Frozen Ramparts
  3090 | D:4      | Found a glowing drain.
  3106 | Sewer    | Entered a sewer
  3394 | D:4      | Found a glowing silver altar of Zin.
  3516 | D:5      | Entered Level 5 of the Dungeon
  3663 | D:5      | Learned a level 3 spell: Hailstorm
  3706 | D:5      | Reached skill level 7 in Conjurations
  3771 | D:5      | Reached XP level 8. HP: 66/66 MP: 8/14
  4011 | D:5      | Found a snail-covered altar of Cheibriados.
  4549 | D:6      | Found a sand-covered staircase.
  4667 | Ossuary  | Entered an ossuary
  5152 | D:6      | Found a white marble altar of Elyvilon.
  5511 | D:6      | HP: 1/67 [centaur/arrow (11)]
  5511 | D:6      | Shot with an arrow by a centaur

Illustrated notes

Levels and vault maps discovered:
D:1:      minmay_arrival_up_and_down, layout_basic
D:2:      layout_loops_ring, basic_altar
D:3:      layout_rooms, led_xom_imps, gammafunk_temple_overflow_wave,
          gammafunk_ghost_arena, minmay_misc_feat_x,
          minmay_misc_feat_secret_circle
D:4:      layout_gridville, lemuel_coloured_pillars_altar,
          gammafunk_ghost_split, gup_sewer_entry_pipe, uniq_sigmund
D:5:      layout_loops_cross, mainiacjoe_overflow_surrounded_room
D:6:      layout_basic, nicolae_elyvilon_peaceful_grove,
          lightli_ossuary_entry_decrepit_ruins, centaur_isle

Skill      XL: |  1  2  3  4  5  6  7  8 |
---------------+-------------------------+-----
Fighting       | 1 2 3 4 |  4.9
Conjurations   | 5 6 7 |  7.8
Hexes          | 1 2 3 |  3.0
Spellcasting   | 3 4 |  4.5
Ice Magic      | 2 4 |  4.8
Dodging        | |  1.7
Stealth        | |  1.7
Translocations | |  0.4

Action                   |  1- 3 |  4- 6 |  7- 9 || total
-------------------------+-------+-------+-------++-------
Melee: Dagger            |    27 |    17 |    10 ||    54
       Tailslap          |     4 |     2 |     5 ||    11
       Unarmed           |     2 |       |       ||     2
       Whip              |       |    10 |    39 ||    49
 Cast: Magic Dart        |    37 |    46 |    88 ||   171
       Searing Ray       |     5 |    12 |     9 ||    26
       Hailstorm         |       |       |     8 ||     8
       Fulminant Prism   |       |       |     5 ||     5
       Frozen Ramparts   |       |       |     2 ||     2
  Use: Scroll            |       |       |     8 ||     8
 Stab: Sleeping          |       |     1 |       ||     1
Armor: Skin              |    15 |    26 |    55 ||    96
Dodge: Dodged            |    31 |    44 |    83 ||   158

Table legend: (Time is in decaauts)
 A = Elapsed time spent in this place.
 B = Non-inter-level travel time spent in this place.
 C = Inter-level travel time spent in this place.
 D = Time resting spent in this place.
 E = Time spent auto-exploring this place.
 F = Levels seen in this place.
 G = Mean time per level.
                   A        B        C        D        E       F      G
               +--------+--------+--------+--------+--------+-----+--------+
         Total |   5533 |   5366 |    167 |    540 |   3911 |   8 |  691.6 |
       Dungeon |   5183 |   5016 |    167 |    449 |   3745 |   6 |  863.8 |
         Sewer |    104 |    104 |      0 |      0 |     56 |   1 |  104.0 |
       Ossuary |    245 |    245 |      0 |     91 |    109 |   1 |  245.0 |
               +--------+--------+--------+--------+--------+-----+--------+

Top non-repeatable levels by time:
     D:1: 1060 daAuts
     D:6: 1057 daAuts
     D:4: 887 daAuts
     D:3: 772 daAuts
     D:2: 714 daAuts
     D:5: 691 daAuts
 Ossuary: 245 daAuts
   Sewer: 104 daAuts
